 Dungeon Crawl Stone Soup version 0.30-a0-778-g2ef04afb54 (webtiles) character file.

Game seed: 5891136188699112386

9 Beavis the Shooter (level 2, 17/22 HPs)
             Began as a Demonspawn Hunter on Feb 15, 2023.
             Quit the game on level 1 of the Dungeon.
             The game lasted 00:00:48 (161 turns).

Beavis the Shooter (Demonspawn Hunter)               Turns: 161, Time: 00:00:49

Health: 17/22      AC:  3    Str: 11    XL:     2   Next: 3%
Magic:  2/2        EV: 12    Int: 10    God:
Gold:   26         SH:  0    Dex: 16    Spells: 1/1 levels left

rFire   . . .      SeeInvis .    a - +0 shortbow
rCold   . . .      Faith    .    (shield currently unavailable)
rNeg    . . .      Spirit   .    c - +0 leather armour
rPois   .          Reflect  .    (no helmet)
rElec   .          Harm     .    (no cloak)
rCorr   .          Rampage  .    (no gloves)
Will    .....                    (no boots)
Stlth   +                        (no amulet)
HPRegen 0.23/turn                (no ring)
MPRegen 0.08/turn                (no ring)

@: no status effects
A: demonic guardian 1
a: no special abilities


You were on level 1 of the Dungeon.
You visited 1 branch of the dungeon, and saw 1 of its levels.

You collected 26 gold pieces.

Inventory:

Hand Weapons
 a - a +0 shortbow (weapon)
Armour
 c - a +0 leather armour (worn)
Scrolls
 b - a scroll of immolation


   Skills:
 + Level 2.2 Fighting
 + Level 3.7 Ranged Weapons
 + Level 2.0 Dodging
 - Level 0.8 Stealth


You had one spell level left.
You didn't know any spells.
Your spell library was empty.

Dungeon Overview and Level Annotations

Branches:
Dungeon (1/15)

Altars:


Innate Abilities, Weirdness & Mutations

A weak demonic guardian rushes to your aid.


Message History

The arrow barely misses the frilled lizard.
The frilled lizard barely misses you.
You shoot an arrow.
The arrow barely misses the frilled lizard.
The frilled lizard closely misses you.
You shoot an arrow.
The arrow hits the frilled lizard but does no damage.
The frilled lizard bites you. The frilled lizard closely misses you.
A frilled lizard is nearby!
A frilled lizard is nearby!
A frilled lizard is nearby!
You shoot an arrow. The arrow hits the frilled lizard!
You kill the frilled lizard!
You have reached level 2!
Your demonic ancestry asserts itself...
You feel the presence of a demonic guardian.
HP restored.
A bat comes into view.
A bat is nearby!
A bat is nearby!
A bat is nearby!
You shoot an arrow. The arrow barely misses the bat.
You hear a shout!
The bat misses you.
A kobold comes into view. It is wielding a +0 club.
You shoot an arrow. The arrow hits the bat.
You kill the bat!
You shoot an arrow. The arrow barely misses the kobold.
The kobold completely misses you.
You shoot an arrow. The arrow closely misses the kobold.
The kobold closely misses you. x2
You shoot an arrow. The arrow hits the kobold.
The kobold is severely wounded.
The kobold hits you with a +0 club.
You shoot an arrow. The arrow closely misses the kobold.
The kobold hits you with a +0 club.
You shoot an arrow. The arrow closely misses the kobold.
The kobold hits you but does no damage. The kobold hits you with a +0 club.
A demonic guardian appears!
Are you sure you want to abandon this character and quit the game? (Confirm with "yes".)

### #.## ## #..# #####
... ##.#####
#####...###..#
##.....###...........#
...........###....####
.....†...### #5.@.#
.........# #..K##
.........# #...#
.........# #....
.........# ......
#........( .....###
.................#
........ .##.....
......


You could see a kobold (ally target) and a friendly quasit (summoned).

Vanquished Creatures
  An endoplasm (D:1)
  4 goblins (D:1)
  A ball python (D:1)
  A bat (D:1)
  A frilled lizard (D:1)
  A kobold (D:1)
  A rat (D:1)
10 creatures vanquished.

Notes
Turn   | Place    | Note
-------+----------+-------------------------------------------
     0 | D:1      | Beavis the Demonspawn Hunter began the quest for the Orb.
     0 | D:1      | Reached XP level 1. HP: 16/16 MP: 1/1
   139 | D:1      | Gained mutation: A weak demonic guardian rushes to your
                  | aid. [demonic ancestry]
   139 | D:1      | Reached XP level 2. HP: 21/22 MP: 2/2
   161 | D:1      | Quit the game

Illustrated notes

Levels and vault maps discovered:
D:1:      dpeg_arrival_rooms_a, layout_rooms, serial_glass, glass_columns_a,
          glass_columns_a, minmay_pentomino_u2

Skill      XL: |  1 |
---------------+----+-----
Dodging        | 2 |  2.0
Fighting       | |  2.2
Ranged Weapons | |  3.7
Stealth        | |  0.8

Action                     || total
---------------------------++-------
   Fire: Shortbow          ||    33
 Armour: Leather armour    ||     2
  Dodge: Dodged            ||    10

Table legend: (Time is in decaauts)
 A = Elapsed time spent in this place.
 B = Non-inter-level travel time spent in this place.
 C = Inter-level travel time spent in this place.
 D = Time resting spent in this place.
 E = Time spent auto-exploring this place.
 F = Levels seen in this place.
 G = Mean time per level.
                   A        B        C        D        E       F      G
               +--------+--------+--------+--------+--------+-----+--------+
         Total |    173 |    173 |      0 |      0 |    116 |   1 |  173.0 |
       Dungeon |    173 |    173 |      0 |      0 |    116 |   1 |  173.0 |
               +--------+--------+--------+--------+--------+-----+--------+

Top non-repeatable levels by time:
     D:1: 173 daAuts
